 Dungeon Crawl Stone Soup version 0.17-a0-1378-g281efdd (webtiles) character file.

2086 onwiheg the Spear-Bearer (level 9, -1/73 HPs)
             Began as a Naga Gladiator on June 14, 2015.
             Was a Follower of Cheibriados.
             Slain by a yak (15 damage)
             ... on level 6 of the Dungeon.
             The game lasted 00:28:28 (7884 turns).

onwiheg the Spear-Bearer (Naga Gladiator)           Turns: 7884, Time: 00:28:28

Health: -1/73      AC:  6    Str: 20    XL:     9   Next: 27%
Magic:  9/9        EV: 10    Int: 10    God:    Cheibriados [*.....]
Gold:   245        SH:  0    Dex: 17    Spells: 0 memorised, 8 levels left

rFire  . . .     SeeInvis +     t - +0 halberd
rCold  . . .     Clarity  .     b - +0 leather armour
rNeg   . . .     SustAt   .     (no shield)
rPois  +         Gourm    .     c - +0 helmet
rElec  .         Spirit   .     B - +0 cloak
rCorr  .         Warding  .     (no gloves)
rMut   .         Stasis   .     (no barding)
MR     +....                    C - amulet of faith
Stlth  +.........               (no ring)
                                (no ring)

@: short of breath, very slow, somewhat resistant to hostile enchantments, very
unstealthy
A: see invisible, deformed body, poison resistance, slowness 2, slow metabolism
1, spit poison 2, AC +3
a: Spit Poison, Bend Time, Renounce Religion


You were on level 6 of the Dungeon.
You worshipped Cheibriados.
Cheibriados was aware of your devotion.
You were not hungry.

You visited 2 branches of the dungeon, and saw 7 of its levels.

You collected 245 gold pieces.

Inventory:

Hand weapons
 a - a +0 trident
 t - a +0 halberd (weapon)
Missiles
 d - 3 throwing nets (quivered)
 E - 4 javelins
Armour
 b - a +0 leather armour (worn)
 c - a +0 helmet (worn)
 B - a +0 cloak (worn)
Jewellery
 C - an amulet of faith (around neck)
Magical devices
 y - a wand of disintegration (10)
 D - a wand of disintegration (13)
Scrolls
 f - 5 scrolls of identify {unknown}
 g - 2 scrolls of recharging {unknown}
 h - 3 scrolls of random uselessness {unknown}
 i - 4 scrolls of remove curse {unknown}
 k - a scroll of noise {unknown}
 m - 5 scrolls of teleportation {unknown}
 q - 4 scrolls of fog {unknown}
 r - a scroll of fear {unknown}
 s - 3 scrolls of magic mapping {unknown}
 u - 5 scrolls of amnesia {unknown}
 v - a scroll of enchant armour {unknown}
 A - a scroll of blinking {unknown}
 F - a scroll of silence {unknown}
Potions
 j - 3 potions of curing
 n - a potion of agility {unknown}
 o - a potion of heal wounds {unknown}
 p - a potion of flight
 w - 2 potions of degeneration {unknown}
 x - a potion of poison {unknown}
Books
 z - a book of Air

   Spells                             Type                      Level
   a - Shock                          Conjuration/Air              1
   b - Swiftness                      Charms/Air                   2
   c - Repel Missiles                 Charms/Air                   2
   d - Static Discharge               Conjuration/Air              3
   e - Lightning Bolt                 Conjuration/Air              5
Comestibles
 e - 6 bread rations
 l - a meat ration
 G - 2 chunks of flesh
 H - a beef jerky


   Skills:
 - Level 2.0 Fighting
 + Level 12.0 Polearms
 - Level 1.7 Throwing
 - Level 2.4 Dodging


You had 8 spell levels left.
You didn't know any spells.

Dungeon Overview and Level Annotations

Branches:
Dungeon (6/15)             Temple (1/1) D:6

Altars:
Ashenzari
Cheibriados
Dithmenos
Elyvilon
Fedhas
Makhleb
Nemelex Xobeh
Qazlal
Ru
Sif Muna
Trog
Vehumet
Yredelemnul
The Shining One


Innate Abilities, Weirdness & Mutations

You cannot wear boots.
Your serpentine skin is tough (AC +3).
You have supernaturally acute eyesight.
Armour fits poorly on your strangely shaped body.
Your system is resistant to poisons.
You cover ground very slowly.
You have a slow metabolism.
You can spit poison.


Message History

You have got your breath back.
The yak gores you but does no damage.
Use which ability? (? or * to list)
Press: ? - help, Shift-Dir - straight line, f/p - yak
Aim: a yak (severely wounded)
The splash of poison hits the yak.
The yak is poisoned.
The yak is severely wounded.
You feel slightly more hungry. The yak gores you!
* * * LOW HITPOINT WARNING * * *
You slash the yak!
You kill the yak!
Cheibriados thoroughly appreciates the change of pace.
Your Polearms skill increases to level 12!
Drink which item? (? for menu, Esc to quit)
It was a potion of curing.
You feel better.
The yak looks more healthy.
The yak barely misses you.
You slash the yak!
The yak is severely wounded.
The yak gores you!
You die...

#88888...........
####.#.####.#####
#........#
###.###### #.#
######## #.#
#......# #.#
#.####.##########.#
#.# #......@YY.##.#
#.# #..#######.##.#
#.###..# .#
#......# ..
#####.## .#. #.###
#.# ..YY ..... #.#
#### ## .# #.##.
##.## ... .# #.#
#...##.###


You could see 2 yaks.

Vanquished Creatures
  The ghost of Steifyn the Ducker, an average TrBe of Trog (D:5)
  3 yaks (D:6)
  A phantom (D:4)
  3 ogres
  A giant frog (D:6)
  2 scorpions
  The ghost of Steifyn the Covered, a weakling MiFi (D:3)
  A quasit (D:5)
  7 hounds
  A centaur zombie (D:6)
  4 orc priests
  6 orc wizards
  A worker ant (D:6)
  3 gnolls
  9 adders
  A shadow imp (D:6)
  An adder skeleton (D:4)
  A worm (D:4)
  5 giant geckos
  21 orcs
  3 ball pythons
  A bat skeleton (D:4)
  6 giant cockroaches
  12 hobgoblins
  12 jackals
  13 bats
  A giant cockroach zombie (D:5)
  3 giant newts
  13 goblins
  11 kobolds
  3 quokkas
  13 rats
164 creatures vanquished.

Notes
Turn   | Place    | Note
--------------------------------------------------------------
     0 | D:1      | onwiheg the Naga Gladiator began the quest for the Orb.
     0 | D:1      | Reached XP level 1. HP: 19/19 MP: 1/1
   349 | D:1      | Reached XP level 2. HP: 12/26 MP: 2/2
   918 | D:2      | Found a white marble altar of Elyvilon.
   936 | D:2      | Reached skill level 4 in Polearms
   995 | D:2      | Reached XP level 3. HP: 28/32 MP: 3/3
  1576 | D:2      | Found a shattered altar of Ashenzari.
  1679 | D:3      | Reached skill level 5 in Polearms
  1679 | D:3      | Reached XP level 4. HP: 10/39 MP: 4/4
  1805 | D:3      | Noticed Steifyn's ghost (weakling MiFi)
  2548 | D:3      | Reached XP level 5. HP: 16/45 MP: 5/5
  2565 | D:3      | HP: 2/45 [orc wizard/dagger (2)]
  2668 | D:3      | Reached skill level 6 in Polearms
  3146 | D:3      | Reached XP level 6. HP: 26/52 MP: 6/6
  3264 | D:3      | Killed Steifyn's ghost
  3551 | D:3      | Reached skill level 7 in Polearms
  3803 | D:3      | Found a deep blue altar of Sif Muna.
  4622 | D:4      | Reached skill level 8 in Polearms
  4622 | D:4      | Reached XP level 7. HP: 34/60 MP: 7/7
  5230 | D:4      | Reached skill level 9 in Polearms
  5448 | D:4      | Reached XP level 8. HP: 23/67 MP: 8/8
  6030 | D:5      | Entered Level 5 of the Dungeon
  6084 | D:5      | Noticed Steifyn's ghost (average TrBe)
  6097 | D:5      | Killed Steifyn's ghost
  6097 | D:5      | Reached skill level 10 in Polearms
  6441 | D:5      | Found a deep blue altar of Sif Muna.
  7415 | D:6      | Found a staircase to the Ecumenical Temple.
  7448 | Temple   | Entered the Ecumenical Temple
  7478 | Temple   | Became a worshipper of Cheibriados the Contemplative
  7658 | D:6      | Reached skill level 11 in Polearms
  7841 | D:6      | Reached XP level 9. HP: 73/73 MP: 9/9
  7866 | D:6      | Acquired Cheibriados's first power
  7882 | D:6      | Reached skill level 12 in Polearms
  7884 | D:6      | Slain by a yak

Vault maps used:
D:1:      shiori_shiawase, item_on_display_a
D:2:      old_standard_altar, ashenzari_conservatory_becter
D:3:      lemuel_blue_sif_altar, minmay_tree_intersection
D:4:      first_bread
D:5:      basic_altar
D:6:      minmay_temple_entry_statues, basic_altar
Temple:   triangle_lava_temple_11

Action                   |  1- 3 |  4- 6 |  7- 9 || total
-------------------------+-------+-------+-------++-------
Melee: Trident           |    88 |   174 |    21 ||   283
       Halberd           |       |       |   206 ||   206
Throw: Throwing net      |       |     1 |       ||     1
 Abil: Spit Poison       |    23 |    45 |    52 ||   120
Evoke: Wand              |       |       |     3 ||     3
  Use: Potion            |       |     3 |     1 ||     4
  Eat: Chunk             |     3 |     9 |    13 ||    25
